AoeStats
← oslepov1

MegaRandom

505912039Analyzed
1v1 RM · 21d ago on Sep 11, 2026· 26m 51s· 2 players
Game mode
Random Map
Map size
Tiny (2 player)
Population
200
Speed
Normal
Resources
Standard
Victory
Conquest
Starting age
Dark Age
Ending age
Imperial Age
RankedLock teamsTeams togetherTeam positionsShared explorationLock speedFull tech treeHidden civsTurbo modeCheats
Victory
Defeat
🇩🇪 Georgians · Germany
820
+36
🇬🇧 Franks · United Kingdom
863
-49
zemaniac
6:29 Loom
11:50 Feudal Age
13:18 Double-Bit Axe
18:06 Wheelbarrow
18:35 Horse Collar
22:21 Fletching
25:30 Castle Age
24:00 Padded Archer Armor
24:07 Scale Barding Armor
25:36 Crossbowman
oslepov1
9:58 Feudal Age
12:04 Wheelbarrow
16:08 Fishing Lines
17:28 Double-Bit Axe
Connection lost

Rejoining the realm…

Still unreachable

The connection could not be restored.

Session expired

The server has moved on; the page needs a fresh start.